 Dungeon Crawl Stone Soup version 0.27-a0-1228-gfd60fd639a (webtiles) character file.

Game seed: 11084397001539658021

12490 thriggle the Thaumaturge (level 11, -2/83 HPs)
             Began as a Barachi Ice Elementalist on Nov 9, 2020.
             Was a Plaything of Xom.
             Slain by a skeletal warrior
             ... wielding a +0 glaive
             ... led by a skeletal warrior
              (23 damage)
             ... on level 11 of the Dungeon on June 8, 2021.
             The game lasted 00:51:42 (13059 turns).

thriggle the Thaumaturge (BaIE)                    Turns: 13059, Time: 00:51:42

Health: -2/83      AC:  8    Str: 11    XL:     11   Next: 94%
Magic:  8/23       EV: 14    Int: 27    God:    Xom [....*.]
Gold:   654        SH:  5    Dex: 12    Spells: 12/27 levels left

rFire    . . .     SeeInvis +   I - +3 dagger (venom)
rCold    + . .     Faith    .   (no shield)
rNeg     . . .     Spirit   .   u - +1 robe "Radut" {*Corrode Int+9 Slay+2 SInv}
rPois    .         Reflect  +   (no helmet)
rElec    .         Harm     .   U - +1 cloak {Stlth+}
rCorr    .         Rampage  .   O - +0 pair of gloves
Will     .....                  t - +1 pair of boots
Stlth    +++++.....             v - amulet of reflection
HPRegen  0.23/turn              z - ring of stealth
MPRegen  0.18/turn              G - ring of protection from cold

@: slow
A: amphibious, slowness 1, strong legs 1, +LOS
a: Hop, Renounce Religion


You were on level 11 of the Dungeon.
You worshipped Xom.
You were a beloved toy of Xom.
You visited 1 branch of the dungeon, and saw 12 of its levels.
You also visited: Sewer.

You collected 654 gold pieces.

Inventory:

Hand Weapons
 f - the +11 arbalest of the Thieving Messenger {flame, rElec Int+3}
   (You found it on level 5 of the Dungeon)

   It causes projectiles fired from it to burn those they strike, causing extra
   injury to most foes and up to half again as much damage against particularly
   susceptible opponents.
   It affects your intelligence (+3).
   It insulates you from electricity.
 m - the +1 battleaxe "Leviticus" {distort, Will- Str+3}
   (You found it on level 12 of the Dungeon)

   It warps and distorts space around it.
   Unwielding it can cause banishment or high damage.
   It affects your strength (+3).
   It decreases your willpower.
 I - a +3 dagger of venom (weapon)
 R - a +0 falchion
Missiles
 g - 296 stones
 j - 55 poisoned darts (quivered)
 q - 17 boomerangs
 K - 7 datura-tipped darts
Armour
 t - a +1 pair of boots (worn)
 u - the +1 robe "Radut" (worn) {*Corrode Int+9 Slay+2 SInv}
   (You found it on level 4 of the Dungeon)

   It affects your intelligence (+9).
   It affects your accuracy and damage with ranged weapons and melee attacks
   (+2).
   It lets you see invisible.
   It may corrode you when you take damage.
 O - a +0 pair of gloves (worn)
 U - a +1 cloak of stealth (worn)
 V - a +0 robe of resistance
Magical Staves
 k - a staff of death
 F - a staff of air
 Y - a staff of earth
Jewellery
 o - a ring of flight
 r - a ring of resist corrosion
 v - an amulet of reflection (around neck)
 w - a ring of ice
 z - a ring of stealth (left hand)
 G - a ring of protection from cold (right hand)
 J - an amulet of regeneration {unknown}
Wands
 c - a wand of iceblast (7)
 p - a wand of flame (35)
 B - a wand of digging (10)
 P - a wand of mindburst (9)
 Q - a wand of paralysis (10)
Scrolls
 a - a scroll of fog
 b - 2 scrolls of enchant armour
 l - 7 scrolls of removedness
 s - a scroll of immolation
 x - 3 scrolls of amnesia
 y - a scroll of blinking
 A - a scroll of fear
 D - 6 scrolls of teleportation
 L - a scroll of torment
 X - a scroll of removedness
 Z - a scroll of magic mapping
Potions
 d - 4 potions of heal wounds {unknown}
 e - a potion of invisibility {unknown}
 h - 3 potions of ambrosia
 i - 8 potions of curing
 n - a potion of degeneration {unknown}
 C - a potion of might {unknown}
 E - a potion of brilliance {unknown}
 H - 2 potions of lignification {unknown}
 M - a potion of berserk rage {unknown}
 N - a potion of attraction {unknown}
 S - a potion of resistance {unknown}
 W - 3 potions of flight {unknown}


   Skills:
 + Level 6.9 Fighting
 - Level 4.9(5.5) Short Blades
 + Level 4.0(5.3) Long Blades
 + Level 5.9 Throwing
 + Level 6.8 Dodging
 + Level 6.2 Stealth
 * Level 8.9 Spellcasting
 + Level 5.9 Conjurations
 + Level 1.6 Hexes
 + Level 8.8 Ice Magic
 + Level 6.1 Evocations


You had 12 spell levels left.
You knew the following spells:

 Your Spells              Type           Power      Damage    Failure   Level
a - Freeze                Ice            100%       1d11      1%          1
b - Frozen Ramparts       Ice            100%       1d12      1%          3
c - Ozocubu's Armour      Ice            56%        N/A       1%          3
d - Foxfire               Conj/Fire      100%       2x1d9     1%          1
e - Hailstorm             Conj/Ice       51%        3d11      2%          4
f - Tukima's Dance        Hex            20%        N/A       8%          3

Your spell library contained the following spells:

 Spells                   Type           Power      Damage    Failure   Level
 Ensorcelled Hibernation  Hex/Ice        80%        N/A       1%          2
 Corona                   Hex            22%        N/A       2%          1
 Dazzling Flash           Conj/Hex       64%        N/A       3%          3
 Beastly Appendage        Tmut           24%        N/A       4%          1
 Wereblood                Tmut           12%        N/A       8%          2
 Confusing Touch          Hex            20%        N/A       8%          3
 Ice Form                 Ice/Tmut       36%        N/A       8%          4
 Summon Ice Beast         Ice/Summ       36%        N/A       8%          4
 Spider Form              Tmut/Pois      6%         N/A       14%         3
 Blade Hands              Tmut           6%         N/A       100%        6


Dungeon Overview and Level Annotations

Branches:
Dungeon (12/15)            Temple (0/1) D:7            Lair (0/6) D:9
    Orc (0/2) D:12          Sewer (visited)

Altars:
Ashenzari
Cheibriados
Dithmenos
Elyvilon
Fedhas
Gozag
Hepliaklqana
Makhleb
Okawaru
Qazlal
Ru
Sif Muna
Trog
Vehumet
Xom
Yredelemnul
Zin
The Shining One

Shops:
D:4 *   D:7 (

Annotations:
D:7 1 runed translucent door, Dazliare's ghost, novice PaBe
D:9 1 runed translucent door, ardl's ghost, novice OpFi


Innate Abilities, Weirdness & Mutations

You are amphibious.
You cover ground slowly.
You can hop short distances.
You have an extended range of vision and can be seen from far away.


Message History

You swap places.
Your quasit barely misses the skeletal warrior.
Your quasit claws the skeletal warrior but does no damage.
Your quasit closely misses the skeletal warrior.
The skeletal warrior hits your quasit with a +0 glaive!
Your shadow imp barely misses the skeletal warrior.
There is an open door here.
What are your orders? t - Croak!
Orders for allies: a - Attack new target. p - Attack previous target. r - Retreat! s - Stop attacking. g - Guard the area. f - Follow me.
Anything else - Cancel.
Gang up on whom?
Press: ? - help, Dir - move target, f/p - skeletal warrior
Aim: a skeletal warrior, wielding a +0 glaive (ally target) Attack!
Your ufetubus hits the skeletal warrior but does no damage.
Your ufetubus hits the skeletal warrior.
The skeletal warrior hits your shadow imp with a +0 glaive!
Your shadow imp dies!
Your crimson imp blinks!
Your quasit bites the skeletal warrior but does no damage.
Your quasit closely misses the skeletal warrior.
Your quasit claws the skeletal warrior but does no damage.
Your shadow imp hits the skeletal warrior but does no damage.
Your shadow imp hits the skeletal warrior.
Your iron imp hits the skeletal warrior but does no damage.
Your white imp gestures at the skeletal warrior.
The puff of frost hits the skeletal warrior but does no damage.
Your iron imp hits the skeletal warrior but does no damage.
Your iron imp hits the skeletal warrior.
There is an open door here.
Okay, then.
Your quasit bites the skeletal warrior.
Your quasit misses the skeletal warrior.
Your quasit barely misses the skeletal warrior.
The skeletal warrior hits you with a +0 glaive!!
You die...
Xom giggles madly!

############ #..........#
########## #..........#
#........# ######
#..........#
#........####.....
#..........#
#........'...^####
#..........###.......>######
#..........#.'..55.รท..#
#..........#.#@z5.....#
#.........['.#.5555...#
#..........###.5.5....#
#########'## #........# #.#
#..##....## #.# ##.##.#...#
#.# #.#...z..## ##.#
#...###...# ##..#
###.#.#.#.#.###


You could see 2 skeletal warriors, 3 friendly iron imps, a friendly quasit
(summoned), a friendly crimson imp (summoned), a friendly white imp (summoned),
2 friendly shadow imps and a friendly ufetubus (summoned).

Vanquished Creatures
  A two-headed ogre (D:6)
  Nergalle (D:10)
  An unseen horror (D:11)
  An ugly thing (D:11)
  Maurice (D:8)
  An elephant (D:10)
  Psyche (D:8)
  A kobold demonologist (D:11)
  A hornet (D:10)
  4 trolls
  A vampire (D:11)
  A wraith (D:11)
  8 yaks
  A wyvern (D:10)
  A steam dragon (D:11)
  2 water moccasins
  5 sky beasts
  2 ice beasts
  A phantom (D:4)
  5 orc warriors
  A necrophage (D:11)
  3 black bears
  11 centaurs
  4 ogres
  6 bullfrogs
  2 scorpions (D:10)
  2 wyvern skeletons
  9 killer bees (D:10)
  3 wights (D:9)
  A howler monkey (D:9)
  2 centaur zombies (D:7)
  2 bullfrog zombies
  A hound (D:10)
  5 orc priests
  3 bullfrog skeletons
  A jelly (D:12)
  2 centaur skeletons
  3 iguanas
  15 orc wizards
  5 removed worker ants
  A hound skeleton (D:6)
  A howler monkey zombie (D:7)
  7 gnolls
  16 adders
  A white imp (D:6)
  3 ufetubi
  7 endoplasms
  An adder skeleton (D:4)
  An adder zombie (D:5)
  A worm (D:2)
  A dart slug (D:2)
  42 orcs
  14 removed leopard geckos
  17 giant cockroaches
  8 goblins
  4 hobgoblins
  11 jackals
  2 quokkas
  9 ball pythons
  7 bats
  17 frilled lizards
  9 kobolds
  A quokka skeleton (D:7)
  A quokka zombie (D:5)
  8 rats
  A removed leopard gecko skeleton (D:3)
  A spectral orc (D:6)
313 creatures vanquished.

Vanquished Creatures (collateral kills)
  A two-headed ogre (D:12)
  Grinder (D:6)
  A scorpion (D:10)
  2 orc wizards
  A hound skeleton (D:10)
  3 orcs
9 creatures vanquished.

Vanquished Creatures (others)
  A dancing weapon (D:11)
  An ogre (D:7)
  2 kobold brigands (D:7)
  A bullfrog (D:11)
  A gnoll sergeant (D:7)
  A giant cockroach (D:7)
  70 foxfires
  10 fungi (D:2)
  3 plants (D:2)
90 creatures vanquished.

Grand Total: 412 creatures vanquished

Notes
Turn   | Place    | Note
-------+----------+-------------------------------------------
     0 | D:1      | thriggle the Barachi Ice Elementalist began the quest for
                  | the Orb.
     0 | D:1      | Reached XP level 1. HP: 13/13 MP: 3/3
   611 | D:1      | Reached XP level 2. HP: 10/20 MP: 3/5
  1276 | D:2      | Reached skill level 5 in Ice Magic
  1276 | D:2      | Reached XP level 3. HP: 25/25 MP: 4/7
  1281 | D:2      | Learned a level 3 spell: Frozen Ramparts
  1285 | D:2      | Learned a level 3 spell: Ozocubu's Armour
  1439 | D:2      | Reached skill level 1 in Fighting
  1473 | D:2      | Found a bloodstained altar of Trog.
  1496 | D:2      | Found a blossoming altar of Fedhas.
  1716 | D:2      | Reached XP level 4. HP: 29/32 MP: 1/8
  1979 | D:2      | Reached skill level 1 in Throwing
  2356 | D:3      | Reached skill level 1 in Short Blades
  2579 | D:3      | Found a shimmering blue altar of Sif Muna.
  2605 | D:3      | Reached XP level 5. HP: 33/37 MP: 6/10
  3300 | D:3      | Identified Sif Muna's Disquisition on the Blaze
  3479 | D:4      | Found Molaocoi's Assorted Antiques.
  3536 | D:4      | Noticed a centaur
  3542 | D:4      | Killed a centaur
  3542 | D:4      | Reached skill level 1 in Evocations
  3542 | D:4      | Reached XP level 6. HP: 37/44 MP: 7/11
  3545 | D:4      | Learned a level 1 spell: Foxfire
  3595 | D:4      | Got a faintly glowing robe
  3613 | D:4      | Identified the +1 robe "Radut" {*Corrode Int+9 Slay+2 SInv}
                  | (You found it on level 4 of the Dungeon)
  3695 | D:4      | Learned a level 4 spell: Hailstorm
  3753 | D:4      | Found a white marble altar of Elyvilon.
  3986 | D:4      | Found a stormy altar of Qazlal.
  4061 | D:4      | Reached XP level 7. HP: 39/51 MP: 8/13
  4197 | D:4      | Reached skill level 1 in Conjurations
  4575 | D:5      | Entered Level 5 of the Dungeon
  4600 | D:5      | Found a glowing drain.
  4608 | Sewer    | Entered a sewer
  5245 | D:5      | Identified the +11 arbalest of the Thieving Messenger
                  | {flame, rElec Int+3} (You found it on level 5 of the
                  | Dungeon)
  5318 | D:5      | Found a shimmering altar of Xom.
  5367 | D:5      | Reached XP level 8. HP: 51/58 MP: 3/15
  5434 | D:5      | Became a worshipper of Xom of Swiftly Tilting Intent
  5589 | D:5      | XOM: silly message
  5706 | D:5      | XOM: potion effect (might)
  6055 | D:5      | XOM: silly message
  6098 | D:6      | Reached skill level 5 in Spellcasting
  6249 | D:6      | XOM: divination: detect creatures
  6260 | D:6      | Noticed a two-headed ogre
  6276 | D:6      | Killed a two-headed ogre
  6276 | D:6      | Reached XP level 9. HP: 17/65 MP: 7/17
  6337 | D:6      | XOM: silly message
  6572 | D:6      | Noticed Grinder
  6831 | D:6      | XOM is BORED!
  6831 | D:6      | XOM: noise
  7140 | D:6      | XOM: summons friendly shadow imp
  7147 | D:6      | XOM: smoke on damage
  7148 | D:6      | Killed Grinder
  7309 | D:6      | Found a basalt altar of Yredelemnul.
  7427 | D:7      | Found a staircase to the Ecumenical Temple.
  7449 | D:7      | XOM: summons friendly ufetubus
  7450 | D:7      | Found a shimmering altar of Xom.
  7832 | D:7      | Found a runed translucent door.
  7833 | D:7      | Noticed Dazliare's ghost (novice PaBe)
  7881 | D:7      | You fall into a shaft and drop 3 floors!
  7881 | D:10     | Entered Level 10 of the Dungeon
  7930 | D:9      | Found a staircase to the Lair.
  7930 | D:9      | Noticed an elephant
  7934 | D:9      | XOM: fog
  7941 | D:9      | XOM: cast spell 'Summon Ice Beast'
  7956 | D:10     | Killed an elephant
  7956 | D:10     | Reached skill level 5 in Dodging
  8117 | D:10     | XOM: cast spell 'Summon Dragon'
  8129 | D:10     | Reached skill level 5 in Fighting
  8129 | D:10     | Reached XP level 10. HP: 74/74 MP: 17/20
  8261 | D:10     | XOM: noise
  8385 | D:9      | Found a hazy altar of Hepliaklqana.
  8385 | D:9      | Found a sacrificial altar of Ru.
  8386 | D:9      | Found an iron altar of Okawaru.
  8386 | D:9      | Found a glowing golden altar of the Shining One.
  8393 | D:9      | Found a glowing silver altar of Zin.
  8396 | D:9      | Found a broken altar of Ashenzari.
  8588 | D:8      | Noticed Psyche
  8588 | D:8      | Noticed Maurice
  8590 | D:8      | Killed Psyche
  8590 | D:8      | Reached skill level 5 in Stealth
  8660 | D:7      | Found Kuvur's Weapon Shop.
  9201 | D:8      | XOM: confuse monster(s)
  9216 | D:8      | Killed Maurice
  9237 | D:8      | XOM: 6-stop teleportation journey
  9319 | D:8      | XOM: enchant monster (good)
  9349 | D:8      | XOM: destruction
  9351 | D:8      | Reached skill level 1 in Long Blades
  9683 | D:8      | Reached skill level 5 in Evocations
  9758 | D:8      | Found a white marble altar of Elyvilon.
 10122 | D:9      | Found a burning altar of Makhleb.
 10122 | D:9      | Found an opulent altar of Gozag.
 10129 | D:9      | Found a radiant altar of Vehumet.
 10131 | D:9      | Found a snail-covered altar of Cheibriados.
 10133 | D:9      | Found a shadowy altar of Dithmenos.
 10158 | D:9      | Reached skill level 5 in Throwing
 10164 | D:9      | XOM: scenery: create altars
 10165 | D:9      | Reached XP level 11. HP: 36/81 MP: 2/22
 10496 | D:9      | Reached skill level 5 in Conjurations
 10544 | D:9      | XOM: silly message
 10732 | D:9      | XOM: divination: magic mapping
 10744 | D:9      | Found a runed translucent door.
 10746 | D:9      | Noticed ardl's ghost (novice OpFi)
 11085 | D:9      | XOM: god gift: wand of iceblast (7)
 11186 | D:10     | Noticed Nergalle
 11188 | D:10     | XOM: summons friendly quasit
 11199 | D:10     | Killed Nergalle
 11613 | D:11     | XOM: confuse monster(s)
 11796 | D:11     | Noticed an unseen horror
 11804 | D:11     | Noticed a cyan ugly thing
 11820 | D:11     | Learned a level 3 spell: Tukima's Dance
 11833 | D:11     | XOM: 1-stop teleportation journey
 11868 | D:11     | Killed a cyan ugly thing
 11868 | D:11     | Killed an unseen horror
 12023 | D:11     | Reached skill level 1 in Hexes
 12346 | D:11     | XOM: 2-stop teleportation journey
 12454 | D:11     | XOM: cast spell 'Chain of Chaos'
 12768 | D:12     | Noticed a skeletal warrior
 12768 | D:12     | Noticed a skeletal warrior
 12768 | D:12     | Noticed a skeletal warrior
 12768 | D:12     | Noticed a skeletal warrior
 12768 | D:12     | Noticed a skeletal warrior
 12855 | D:12     | Found a staircase to the Orcish Mines.
 12858 | D:12     | Noticed a two-headed ogre
 12910 | D:11     | Upgraded the game from 0.26-a0-778-g3fe0686644 to
                  | 0.27-a0-1228-gfd60fd639a
 13019 | D:12     | Killed a two-headed ogre
 13034 | D:12     | Identified the +1 battleaxe "Leviticus" {distort, Will-
                  | Str+3}
 13051 | D:11     | XOM: summons 11 friendly demons
 13059 | D:11     | Slain by a skeletal warrior

Illustrated notes

Levels and vault maps discovered:
D:1:      nagdon_arrival_double_spiral, layout_rooms
D:2:      layout_rooms, fedhas_altar_3, serial_bayou_pond_d, bloody_trog
D:3:      layout_loops_ring, led_sif_book
D:4:      layout_rooms, grunt_qazlal_sundering, serial_shops, shop_fountains,
          serial_park_tiny_1, kennysheep_diamond
D:5:      layout_basic, basic_altar, cheibrodos_sewer_entry_drain
D:6:      layout_basic, yredelemnul_forgotten_temple_becter, uniq_grinder
D:7:      layout_basic, xom_confusion_cloud, minmay_temple_entry_large_hall,
          serial_shops, shop_fountains, ebering_ghost_inner_flame
D:8:      layout_gridville, elyvilon_altar_4, grunt_ministairs_6, uniq_psyche,
          uniq_maurice
D:9:      layout_small_grid, minmay_overflow_temple_hex,
          chequers_temple_overflow_minitemple, david_lair_generic,
          ebering_ghost_inner_flame
D:10:     layout_roguey, uniq_nergalle
D:11:     layout_roguey, nrook_mini_vaults, minmay_fractal_squares_5
D:12:     layout_rooms, minmay_orc_entry_temple_small

Skill      XL: |  1  2  3  4  5  6  7  8  9 10 11 |
---------------+----------------------------------+-----
Stealth        | 2 3 4 5 6 |  6.2
Ice Magic      | 5 6 7 8 |  8.8
Fighting       | 1 2 3 4 5 6 |  6.9
Spellcasting   | 3 4 5 6 7 8 |  8.9
Throwing       | 1 2 3 4 5 |  5.9
Short Blades   | 1 2 3 4 |  4.9
Dodging        | 3 4 5 6 |  6.8
Evocations     | 1 2 3 4 5 6 |  6.1
Conjurations   | 1 3 4 5 |  5.9
Long Blades    | 2 4 |  4.0
Hexes          | 1 |  1.6

Action                   |  1- 3 |  4- 6 |  7- 9 | 10-12 || total
-------------------------+-------+-------+-------+-------++-------
Melee: Unarmed           |     5 |       |       |       ||     5
       Short sword       |    13 |       |       |       ||    13
       Dagger            |     3 |    42 |   163 |   254 ||   462
       Falchion          |       |       |       |     1 ||     1
Throw: Stone             |    38 |    16 |    11 |       ||    65
       Dart              |     6 |     5 |       |    17 ||    28
       Boomerang         |       |       |       |     5 ||     5
 Cast: Freeze            |    26 |     9 |       |       ||    35
       Frozen Ramparts   |     4 |    21 |    41 |    30 ||    96
       Ozocubu's Armour  |     1 |     3 |     9 |    18 ||    31
       Foxfire           |       |     5 |    25 |    18 ||    48
       Hailstorm         |       |       |     1 |    24 ||    25
       Tukima's Dance    |       |       |       |     5 ||     5
 Abil: Shaft Self        |       |       |     1 |     3 ||     4
  Use: Scroll            |       |       |    11 |     4 ||    15
 Stab: Sleeping          |     2 |     4 |    14 |     9 ||    29
       Distracted        |       |     1 |     1 |       ||     2
Armor: Robe              |    12 |     9 |    35 |    59 ||   115
Dodge: Dodged            |    49 |    38 |   103 |   155 ||   345
Block: Other             |       |       |    27 |    57 ||    84
       Reflection        |       |       |     1 |     1 ||     2
       Rpst.: Falchion   |       |       |       |     1 ||     1

Table legend: (Time is in decaauts)
 A = Elapsed time spent in this place.
 B = Non-inter-level travel time spent in this place.
 C = Inter-level travel time spent in this place.
 D = Time resting spent in this place.
 E = Time spent auto-exploring this place.
 F = Levels seen in this place.
 G = Mean time per level.
                   A        B        C        D        E       F      G
               +--------+--------+--------+--------+--------+-----+--------+
         Total |  14442 |  13603 |    839 |   1442 |   7268 |  13 | 1110.9 |
       Dungeon |  13775 |  12936 |    839 |   1271 |   7122 |  12 | 1147.9 |
         Sewer |    667 |    667 |      0 |    171 |    146 |   1 |  667.0 |
               +--------+--------+--------+--------+--------+-----+--------+

Top non-repeatable levels by time:
     D:6: 1514 daAuts
     D:3: 1450 daAuts
    D:11: 1446 daAuts
     D:9: 1388 daAuts
     D:1: 1358 daAuts
     D:7: 1189 daAuts
     D:4: 1189 daAuts
     D:2: 1096 daAuts
     D:5: 977 daAuts
     D:8: 976 daAuts
    D:10: 970 daAuts
   Sewer: 667 daAuts
    D:12: 216 daAuts
